 Dungeon Crawl Stone Soup version 0.30-a0-696-g2367cd04db (webtiles) character file.

Game seed: 9284514245582476331

70 Shayle the Conjurer (level 4, 25/35 HPs)
             Began as a Demonspawn Reaver on Jan 21, 2023.
             Quit the game on level 3 of the Dungeon.
             The game lasted 00:05:23 (1604 turns).

Shayle the Conjurer (Demonspawn Reaver)             Turns: 1604, Time: 00:05:23

Health: 25/35      AC:  3    Str: 12    XL:     4   Next: 4%
Magic:  7/7        EV: 12    Int: 16    God:
Gold:   182        SH:  0    Dex: 12    Spells: 3/7 levels left

rFire   . . .      SeeInvis .    d - +1 dagger (venom)
rCold   . . .      Faith    .    (no shield)
rNeg    . . .      Spirit   .    b - +0 leather armour
rPois   .          Reflect  .    (helmet restricted)
rElec   .          Harm     .    (no cloak)
rCorr   .          Rampage  .    (no gloves)
Will    +....                    (no boots)
Stlth   +                        (no amulet)
HPRegen 0.25/turn                k - ring of willpower
MPRegen 0.10/turn                (no ring)

@: no status effects
A: antennae 1, powered by pain 1, demonic touch 1
a: no special abilities


You were on level 3 of the Dungeon.
You visited 1 branch of the dungeon, and saw 3 of its levels.

You collected 182 gold pieces.

Inventory:

Hand Weapons
 a - a +0 spear
 d - a +1 dagger of venom (weapon)
Armour
 b - a +0 leather armour (worn)
Jewellery
 k - a ring of willpower (left hand)
Wands
 r - a wand of polymorph (8)
Scrolls
 c - a scroll of vulnerability {unknown}
 g - 5 scrolls of identify {unknown}
 h - a scroll of fear
 o - a scroll of enchant weapon {unknown}
 p - a scroll of amnesia {unknown}
 q - a scroll of teleportation {unknown}
Potions
 e - 3 potions of heal wounds {unknown}
 f - a potion of might {unknown}
 i - a potion of attraction {unknown}
 j - a potion of haste {unknown}
 l - 2 potions of brilliance {unknown}
 m - a potion of flight {unknown}
 n - 2 potions of curing {unknown}


   Skills:
 + Level 3.0 Fighting
 - Level 2.6 Polearms
 + Level 2.6 Dodging
 - Level 2.0 Spellcasting
 + Level 3.7 Conjurations


You had 3 spell levels left.
You knew the following spells:

 Your Spells              Type           Power      Damage    Failure   Level
a - Kiss of Death         Conj/Necr      28%        2d7       12%         1
b - Hailstorm             Conj/Ice       7%         3d4       36%         3

Your spell library contained the following spells:

 Spells                   Type           Power      Damage    Failure   Level
 Momentum Strike          Conj/Tloc      14%        3d8       19%         2
 Ensorcelled Hibernation  Hex/Ice        2%         N/A       36%         2
 Passwall                 Tmut/Erth      0%         N/A       36%         2
 Call Canine Familiar     Summ           1%         N/A       61%         3
 Ozocubu's Armour         Ice            1%         N/A       61%         3
 Portal Projectile        Hex/Tloc       2%         N/A       61%         3
 Swiftness                Air            1%         N/A       61%         3
 Leda's Liquefaction      Hex/Erth       0%         N/A       95%         4
 Metabolic Englaciation   Hex/Ice        0%         N/A       100%        5
 Simulacrum               Ice/Necr       0%         N/A       100%        6


Dungeon Overview and Level Annotations

Branches:
Dungeon (3/15)

Altars:


Innate Abilities, Weirdness & Mutations

You have a pair of small antennae on your head.
You sometimes gain a little power by taking damage.
Your touch may inflict minor irresistible damage on your foes.


Message History

The bat closely misses you. The bat misses you.
You hit the bat.
The bat is poisoned.
The bat is moderately wounded.
The bat barely misses you. The bat hits you.
You hit the bat but do no damage.
The bat is poisoned.
The bat barely misses you. The bat misses you.
You hit the bat but do no damage.
The bat looks as sick as possible!
The bat is severely wounded.
You kill the bat!
The bat hits you.
You hit the kobold but do no damage.
The kobold is poisoned.
You punch the kobold, but do no damage. The bat hits you but does no damage.
The kobold hits you with a +0 club. The hobgoblin hits you.
You hit the hobgoblin.
The hobgoblin is moderately wounded.
The bat closely misses you. The kobold barely misses you.
The hobgoblin barely misses you.
You closely miss the hobgoblin. Your touch misses the hobgoblin.
The hobgoblin is moderately wounded.
You kill the bat!
The hobgoblin barely misses you. The kobold barely misses you.
You have reached level 4!
You feel agile.
Your demonic ancestry asserts itself...
A pair of antennae grows on your head!
You barely miss the kobold.
The kobold is severely wounded.
The kobold hits you with a +0 club. The hobgoblin hits you.
You hit the kobold but do no damage.
You touch the kobold.
You kill the kobold!
The hobgoblin hits you.
You hit the hobgoblin but do no damage.
The hobgoblin is poisoned.
The hobgoblin is moderately wounded.
The hobgoblin hits you but does no damage.
You closely miss the hobgoblin.
The hobgoblin is severely wounded.
The hobgoblin barely misses you.
You hit the hobgoblin.
You kill the hobgoblin!
Are you sure you want to abandon this character and quit the game? (Confirm with "yes".)

............#
#...........#
#...........#
#..........#
#........#
##.)......##
#....†.....#
#....)†.(..#
#...†@.....#
#..<......)#
#.........)#
##........##
##......##
########


There were no monsters in sight!

Vanquished Creatures
  Terence (D:2)
  3 dart slugs
  2 giant cockroaches (D:1)
  2 goblins (D:1)
  6 hobgoblins
  5 jackals (D:1)
  2 quokkas
  5 ball pythons
  7 bats
  4 kobolds
  3 rats (D:2)
  A toadstool (D:1)
41 creatures vanquished.

Vanquished Creatures (others)
  A fungus (D:1)
  5 plants (D:1)
  4 toadstools (D:1)
10 creatures vanquished.

Grand Total: 51 creatures vanquished

Notes
Turn   | Place    | Note
-------+----------+-------------------------------------------
     0 | D:1      | Shayle the Demonspawn Reaver began the quest for the Orb.
     0 | D:1      | Reached XP level 1. HP: 16/16 MP: 3/3
   206 | D:1      | Gained mutation: You sometimes gain a little power by
                  | taking damage. [demonic ancestry]
   206 | D:1      | Reached XP level 2. HP: 22/22 MP: 5/5
   666 | D:1      | Discovered your monstrous ancestry.
   666 | D:1      | Gained mutation: Your touch may inflict minor irresistible
                  | damage on your foes. [demonic ancestry]
   666 | D:1      | Reached XP level 3. HP: 28/28 MP: 6/6
  1233 | D:2      | Learned a level 3 spell: Hailstorm
  1273 | D:2      | Noticed Terence
  1286 | D:2      | Killed Terence
  1599 | D:3      | Gained mutation: You have a pair of small antennae on your
                  | head. [demonic ancestry]
  1599 | D:3      | Reached XP level 4. HP: 31/35 MP: 7/7
  1604 | D:3      | Quit the game

Illustrated notes

Levels and vault maps discovered:
D:1:      tarquinn_simple_flora_water_b, layout_rooms, serial_forest,
          infiniplex_forest_lined_room_, infiniplex_forest_clump_curved,
          infiniplex_forest_lined_2, infiniplex_forest_split,
          infiniplex_forest_clump_tiny, infiniplex_forest_lined_2,
          infiniplex_forest_clump_cross, minmay_gold_behind_fungi
D:2:      layout_loops_ring, uniq_terence
D:3:      layout_rooms, serial_rivers, chequers_serial_rivers_large_a,
          chequers_serial_rivers_small_a, chequers_serial_rivers_micro_b,
          chequers_serial_rivers_small_b

Skill      XL: |  1  2  3 |
---------------+----------+-----
Dodging        | 2 |  2.6
Fighting       | 3 |  3.0
Polearms       | |  2.6
Spellcasting   | |  2.0
Conjurations   | |  3.7

Action                   |  1- 3 |  4- 6 || total
-------------------------+-------+-------++-------
Melee: Dagger            |   130 |     5 ||   135
       Spear             |    11 |       ||    11
       Punch             |     4 |       ||     4
       Touch             |     7 |     1 ||     8
  Use: Scroll            |     1 |       ||     1
Armor: Leather armour    |    34 |     1 ||    35
       Skin              |     5 |       ||     5
Dodge: Dodged            |    71 |     1 ||    72

Table legend: (Time is in decaauts)
 A = Elapsed time spent in this place.
 B = Non-inter-level travel time spent in this place.
 C = Inter-level travel time spent in this place.
 D = Time resting spent in this place.
 E = Time spent auto-exploring this place.
 F = Levels seen in this place.
 G = Mean time per level.
                   A        B        C        D        E       F      G
               +--------+--------+--------+--------+--------+-----+--------+
         Total |   1602 |   1543 |     59 |     68 |   1042 |   3 |  534.0 |
       Dungeon |   1602 |   1543 |     59 |     68 |   1042 |   3 |  534.0 |
               +--------+--------+--------+--------+--------+-----+--------+

Top non-repeatable levels by time:
     D:1: 966 daAuts
     D:2: 619 daAuts
     D:3: 15 daAuts
